AoeStats
← LimitBid70

Golden Pit

509987404Analyzed
1v1 RM · 2d ago on Sep 28, 2026· 40m 39s· 2 players
Game mode
Random Map
Map size
Tiny (2 player)
Population
200
Speed
Normal
Resources
Standard
Victory
Conquest
Starting age
Dark Age
Ending age
Imperial Age
RankedLock teamsTeams togetherTeam positionsShared explorationLock speedFull tech treeHidden civsTurbo modeCheats
Victory
Defeat
🇦🇺 Cumans · Australia
1188
+17
🇲🇽 Varangians · Mexico
1212
-17
LimitBid70
10:03 Feudal Age
10:39 Double-Bit Axe
11:11 Loom
13:13 Wheelbarrow
16:28 Fletching
18:47 Scale Mail Armor
18:57 Forging
24:23 Castle Age
23:49 Scale Barding Armor
24:52 Pikeman
25:38 Squires
26:59 Stone Mining
27:02 Gold Mining
31:07 Iron Casting
31:03 Bow Saw
32:30 Chain Barding Armor
33:26 Chain Mail Armor
32:50 Capped Ram
34:13 Hand Cart
33:50 Town Watch
40:01 Arson
RR.Gohan
7:31 Loom
9:45 Feudal Age
13:43 Castle Age
12:52 Double-Bit Axe
14:19 Bloodlines
15:32 Horse Collar
20:20 Scale Barding Armor
20:26 Forging
22:17 Husbandry
24:40 Stone Mining
27:46 Bow Saw
29:24 Wheelbarrow
30:11 Chain Barding Armor
30:26 Iron Casting
33:56 Imperial Age
31:33 Gold Mining
32:18 Stone Shaft Mining
34:20 Elite Jarl
35:21 Conscription
36:44 Plate Barding Armor
37:09 Blast Furnace
Connection lost

Rejoining the realm…

Still unreachable

The connection could not be restored.

Session expired

The server has moved on; the page needs a fresh start.